AoeStats
← [PSCH] R!ce

Nomad

508270125Analyzed
4v4 RM · 11d ago on Sep 21, 2026· 52m 27s· 8 players
Game mode
Random Map
Map size
231×231
Population
200
Speed
Normal
Resources
Standard
Victory
Conquest
Starting age
Dark Age
Ending age
Imperial Age
RankedLock teamsTeams togetherTeam positionsShared explorationLock speedFull tech treeHidden civsTurbo modeCheats
Victory
Defeat
🇨🇦 Cumans · Canada
1458
+17
🇨🇦 Bengalis · Canada
1411
+19
🇧🇷 Georgians · Brazil
1370
+21
🇨🇴 Huns · Colombia
1362
+21
🇨🇭 Poles · Switzerland
1515
-21
🇨🇭 Muisca · Switzerland
1467
-19
🇨🇭 Bulgarians · Switzerland
1458
-19
🇨🇭 Gurjaras · Switzerland
1457
-19
Corsica
4:21 Loom
14:10 Feudal Age
17:46 Castle Age
15:36 Double-Bit Axe
16:08 Horse Collar
22:11 Wheelbarrow
24:04 Town Watch
25:16 Bow Saw
28:41 Scale Barding Armor
28:46 Forging
29:52 Husbandry
30:12 Stone Mining
30:20 Gold Mining
36:42 Imperial Age
35:51 Hand Cart
36:00 Light Cavalry
37:07 Fletching
37:40 Chain Barding Armor
38:14 Bloodlines
40:46 Plate Barding Armor
41:16 Iron Casting
44:43 Gold Shaft Mining
45:31 Elite Battle Elephant
48:17 Paiks
48:36 Conscription
50:00 Blast Furnace
Karzul
4:49 Loom
13:49 Feudal Age
17:43 Castle Age
21:06 Forging
21:36 Fishing Lines
28:08 Scale Barding Armor
29:15 Horse Collar
31:09 Wheelbarrow
31:05 Double-Bit Axe
32:15 Fletching
32:36 Svan Towers
34:45 Guard Tower
35:16 Ballistics
34:53 Bodkin Arrow
34:58 Padded Archer Armor
35:51 Masonry
36:36 Hand Cart
41:31 Imperial Age
39:27 Chain Barding Armor
40:09 Stone Mining
40:30 Bow Saw
40:11 Gold Mining
41:23 Iron Casting
41:38 Town Watch
44:23 Plate Barding Armor
44:00 Bloodlines
43:50 Husbandry
43:13 Cavalier
45:12 Blast Furnace
44:33 Bracer
45:34 Chemistry
45:53 Keep
48:07 Light Cavalry
50:43 Aznauri Cavalry
51:00 Conscription
52:04 Leather Archer Armor
51:37 Arrowslits
Ranchy
5:33 Loom
13:40 Feudal Age
14:08 Double-Bit Axe
20:52 Castle Age
19:35 Fishing Lines
20:07 Town Watch
21:52 Bow Saw
22:41 Fletching
25:13 Bodkin Arrow
27:50 Padded Archer Armor
32:59 Ballistics
35:12 Leather Archer Armor
35:35 Horse Collar
36:32 Wheelbarrow
40:48 Imperial Age
42:01 Ring Archer Armor
41:55 Conscription
42:50 Chemistry
41:19 Elite Kipchak
42:42 Cuman Mercenaries
43:04 Scale Barding Armor
44:23 Two-Man Saw
44:12 Hand Cart
43:36 Light Cavalry
44:27 Bloodlines
45:20 Parthian Tactics
52:08 Thumb Ring
Morlhaw
4:53 Loom
13:55 Feudal Age
15:31 Double-Bit Axe
16:35 Fletching
22:57 Castle Age
21:08 Horse Collar
21:20 Gold Mining
23:56 Bodkin Arrow
26:25 Husbandry
27:01 Bloodlines
28:37 Padded Archer Armor
29:03 Ballistics
34:22 Thumb Ring
34:35 Town Watch
35:25 Wheelbarrow
35:40 Leather Archer Armor
41:54 Imperial Age
41:58 Light Cavalry
42:43 Scale Barding Armor
42:39 Bracer
44:31 Chemistry
43:09 Hussar
47:15 Chain Barding Armor
48:43 Parthian Tactics
49:07 Heavy Plow
50:46 Plate Barding Armor
51:22 Heavy Cavalry Archer
[PSCH] R!ce
4:28 Loom
14:40 Feudal Age
15:38 Double-Bit Axe
18:40 Castle Age
18:28 Scale Barding Armor
21:13 Chain Barding Armor
22:00 Forging
27:29 Bloodlines
27:32 Husbandry
28:46 Wheelbarrow
30:56 Fletching
32:56 Horse Collar
36:52 Imperial Age
35:07 Bow Saw
37:18 Iron Casting
38:16 Plate Barding Armor
42:17 Stirrups
42:17 Elite Konnik
51:06 Blast Furnace
ChnebelSchnägg
4:48 Loom
14:02 Feudal Age
18:29 Castle Age
17:16 Double-Bit Axe
18:30 Scale Barding Armor
19:38 Wheelbarrow
18:48 Horse Collar
21:23 Gold Mining
23:36 Medium Warships
28:44 Town Watch
30:02 Fletching
30:35 Bloodlines
32:02 Bow Saw
35:21 Hand Cart
36:51 Heavy Plow
39:45 Imperial Age
38:07 Husbandry
39:46 Murder Holes
40:05 Forging
40:34 Chain Barding Armor
39:48 Heavy Camel Rider
42:07 Plate Barding Armor
41:55 Conscription
44:15 Atonement
46:50 Iron Casting
48:11 Frontier Guards
48:23 Bodkin Arrow
[PSCH] Reh
4:34 Loom
13:28 Feudal Age
17:53 Castle Age
16:13 Double-Bit Axe
17:08 Fletching
17:11 Gold Mining
19:15 Scale Mail Armor
18:48 Pikeman
20:39 Fishing Lines
23:00 Stone Mining
24:41 Bow Saw
24:40 Horse Collar
26:46 Heavy Plow
30:03 Wheelbarrow
37:34 Forging
46:57 Squires
47:13 Chain Mail Armor
47:33 Iron Casting
49:06 Hand Cart
48:56 Town Watch
[PSCH] wolverito
4:54 Loom
14:59 Feudal Age
15:37 Double-Bit Axe
19:29 Fletching
25:24 Castle Age
24:30 Padded Archer Armor
26:28 Bodkin Arrow
27:07 Medium Warships
28:39 Bow Saw
32:14 Wheelbarrow
32:43 Leather Archer Armor
38:01 Fishing Lines
40:47 Ballistics
44:43 Imperial Age
43:55 Scale Mail Armor
46:01 Chain Mail Armor
47:48 Gillnets
48:58 Forging
49:36 Hand Cart
48:50 Pikeman
50:13 Squires
Connection lost

Rejoining the realm…

Still unreachable

The connection could not be restored.

Session expired

The server has moved on; the page needs a fresh start.